 Dungeon Crawl Stone Soup version 0.31-a0-667-g39726597b9 (webtiles) character file.

Game seed: 2523166759825935944

2377 Demosthentine the Trooper (level 9, -8/63 HPs)
             Began as a Demonspawn Gladiator on Sept 3, 2023.
             Was a Follower of Hepliaklqana.
             Collided with a slime creature (22 damage)
             ... caused by a rakshasa (illusionary)
             ... on level 8 of the Dungeon.
             The game lasted 00:09:09 (5984 turns).

Demosthentine the Trooper (Demonspawn Gladiator)    Turns: 5984, Time: 00:09:09

Health: -8/63      AC:  9    Str: 16    XL:     9   Next: 21%
Magic:  9/9        EV: 15    Int: 10    God:    Hepliaklqana [*.....]
Gold:   218        SH:  0    Dex: 17    Spells: 8/8 levels left

rFire   . . .        n - +8 trident of the Octopus King {venom, rElec rPois}
rCold   . . .        (no shield)
rNeg    . . .        b - +0 leather armour
rPois   +            c - +0 helmet
rElec   +            (no cloak)
rCorr   .            (no gloves)
SInv    .            o - +0 pair of boots
Will    .....        (no amulet)
Stlth   +            (no ring)
HPRegen 0.30/turn    (no ring)
MPRegen 0.11/turn

%: no passive effects
@: no status effects
A: reduced essence, foul stench 1, sharp scales 3, demonic magic 1
a: Renounce Religion, Recall Ancestor, Ancestor Identity


You were on level 8 of the Dungeon.
You worshipped Hepliaklqana.
Hepliaklqana was aware of your devotion.
You visited 2 branches of the dungeon, and saw 9 of its levels.

You collected 335 gold pieces.
You spent 117 gold pieces at shops.

Inventory:

Hand Weapons
 a - a +0 trident
 n - the +8 trident of the Octopus King (weapon) {venom, rElec rPois}
   (You found it on level 3 of the Dungeon)

   rElec:     It insulates you from electricity.
   rPois:     It protects you from poison
Missiles
 d - 2 throwing nets (quivered)
 e - a javelin
Armour
 b - a +0 leather armour (worn)
 c - a +0 helmet (worn)
 o - a +0 pair of boots (worn)
Wands
 v - a wand of mindburst (9)
Scrolls
 g - 4 scrolls of poison
 k - 3 scrolls of teleportation
 m - 3 scrolls of fog
 p - 4 scrolls of immolation
 q - a scroll of blinking
 x - a scroll of vulnerability
 y - 2 scrolls of identify
Potions
 f - a potion of invisibility
 j - 2 potions of might
 l - 4 potions of magic
 r - 2 potions of enlightenment
 t - a potion of brilliance
 u - 2 potions of haste
 w - 2 potions of curing


   Skills:
 + Level 6.4 Fighting
 + Level 6.2 Polearms
 - Level 1.7 Throwing
 - Level 5.4 Armour
 + Level 6.3 Dodging
 + Level 0.0 Invocations


You had 8 spell levels left.
You didn't know any spells.
Your spell library contained the following spells:

 Spells                   Type           Power      Damage    Failure   Level
 Magic Dart               Conj           0%         1d3       41%         1
 Slow                     Hex            0%         N/A       41%         1
 Call Imp                 Summ           0%         N/A       56%         2
 Ensorcelled Hibernation  Hex/Ice        0%         N/A       56%         2
 Confusing Touch          Hex            0%         N/A       80%         3
 Mephitic Cloud           Conj/Pois/Air  0%         N/A       80%         3
 Vampiric Draining        Necr           0%         2d6       80%         3
 Anguish                  Hex/Necr       0%         N/A       99%         4


Dungeon Overview and Level Annotations

Branches:
Dungeon (8/15)             Temple (1/1) D:6
   Lair: D:8-11

Altars:
Ashenzari
Cheibriados
Dithmenos
Fedhas
Gozag
Hepliaklqana
Kikubaaqudgha
Makhleb
Nemelex Xobeh
Okawaru
Qazlal
Ru
Trog
Uskayaw
Vehumet
Wu Jian
Xom
Yredelemnul

Shops:
D:6 *   D:7 *!?


Innate Abilities, Weirdness & Mutations

Your life essence is reduced to manifest your ancestor. (-10% HP)
You may rarely emit foul miasma when damaged in melee.
You are completely covered in razor-sharp scales. (AC +3, Slay +3)
Spells you cast may paralyse adjacent enemies.


Message History

Merenptah completely misses the slime creature.
The centaur warrior wields a +0 shortbow.
The centaur warrior shoots an arrow.
The arrow hits Merenptah!!
Merenptah is destroyed!
The rakshasa misses you.
You hit the rakshasa.
The rakshasa is poisoned.
The rakshasa is moderately wounded.
The slime creature hits you.
You emit a cloud of foul miasma!
The rakshasa hits you with a +0 long sword.
Unknown command.
You barely miss the rakshasa.
The rakshasa is heavily wounded.
The slime creature is engulfed in dark miasma.
The slime creature is poisoned.
The slime creature hits you! The rakshasa gestures at you.
The lance of force misses you.
The lance of force hits the slime creature!
The slime creature is knocked back by the lance of force.
The slime creature collides with the centaur warrior!
The centaur warrior is lightly wounded.
The slime creature is severely wounded.
You puncture the rakshasa!
The rakshasa is heavily wounded.
The injured rakshasa weaves a defensive illusion!
The rakshasa misses you.
Unknown command.
You miss the rakshasa.
The rakshasa is severely wounded.
The slime creature is engulfed in dark miasma.
The slime creature hits you but does no damage.
Unknown command.
You closely miss the rakshasa.
The rakshasa is severely wounded.
The rakshasa gestures at you. The lance of force hits you!
* * * LOW HITPOINT WARNING * * *
You are knocked back by the lance of force.
You collide with the slime creature!
The slime creature dies!
You die...

#..####.# #......
#..####.# #####.. ##
#....##.# #.. .
##.#.##.#######.. ##
#.###.#.##.#.....##.
....#.#.#......#.....##.
.......R.##..........##.
...#.#R####.###.....##.
#@####.# #.....###
#☼##.<.# #######
#ycy###.# #.#.#.##.#
#(##!##.#.# #. .♣. .#.#
####### # # #
#.#####.....#
#.......###.. #########
###


You could see 2 rakshasas, a centaur warrior and 2 vampire mosquitoes.

Vanquished Creatures
  Prince Ribbit (D:5)
  Sigmund (D:4)
  Duvessa (D:5)
  2 ice beasts
  A black bear (D:6)
  A centaur (D:7)
  2 ogres
  A kobold brigand (D:7)
  3 bullfrogs
  2 scorpions
  4 wights (D:5)
  Dowan (D:5)
  3 jellies
  2 hounds
  6 orc priests
  A sleepcap (D:5)
  Terence (D:3)
  3 iguanas
  6 orc wizards (D:6)
  7 adders
  A gnoll (D:4)
  2 shadow imps
  2 white imps
  An ufetubus (D:5)
  A dart slug (D:1)
  10 orcs
  4 endoplasms
  3 giant cockroaches
  7 goblins
  6 hobgoblins
  6 jackals
  4 quokkas
  7 ball pythons
  4 bats
  14 kobolds
  5 rats
126 creatures vanquished.

Vanquished Creatures (collateral kills)
  A goblin (D:7)
1 creature vanquished.

Vanquished Creatures (others)
  A slime creature (D:8)
  An ancestor (D:8)
2 creatures vanquished.

Grand Total: 129 creatures vanquished

Notes
Turn   | Place    | Note
-------+----------+-------------------------------------------
     0 | D:1      | Demosthentine the Demonspawn Gladiator began the quest for
                  | the Orb.
     0 | D:1      | Reached XP level 1. HP: 16/16 MP: 1/1
   158 | D:1      | Gained mutation: You are partially covered in razor-sharp
                  | scales. (AC +1, Slay +1) [demonic ancestry]
   158 | D:1      | Reached XP level 2. HP: 22/22 MP: 2/2
   335 | D:1      | Reached skill level 1 in Armour
   386 | D:1      | Reached XP level 3. HP: 17/28 MP: 3/3
   809 | D:2      | Found a faded altar of an unknown god.
  1531 | D:3      | Noticed Terence
  1542 | D:3      | Killed Terence
  1543 | D:3      | Gained mutation: You may rarely emit foul miasma when
                  | damaged in melee. [demonic ancestry]
  1543 | D:3      | Reached XP level 4. HP: 18/34 MP: 4/4
  1786 | D:3      | Found an opulent altar of Gozag.
  1920 | D:3      | Found a faded altar of an unknown god.
  1925 | D:3      | Found an ornate altar of the Wu Jian Council.
  2037 | D:3      | Found the +8 trident of the Octopus King {venom, rElec
                  | rPois}
  2288 | D:4      | Gained mutation: Spells you cast may paralyse adjacent
                  | enemies. [demonic ancestry]
  2288 | D:4      | Reached XP level 5. HP: 41/41 MP: 5/5
  2363 | D:4      | Noticed Sigmund
  2372 | D:4      | Killed Sigmund
  2373 | D:4      | Reached XP level 6. HP: 40/48 MP: 6/6
  3014 | D:4      | Found a snail-covered altar of Cheibriados.
  3028 | D:4      | Found a burning altar of Makhleb.
  3032 | D:4      | Found a basalt altar of Yredelemnul.
  3079 | D:5      | Entered Level 5 of the Dungeon
  3105 | D:5      | Noticed Prince Ribbit
  3117 | D:5      | Killed Prince Ribbit
  3118 | D:5      | Reached XP level 7. HP: 33/54 MP: 7/7
  3387 | D:5      | Noticed Dowan
  3388 | D:5      | Noticed Duvessa
  3406 | D:5      | Killed Duvessa
  3416 | D:5      | Killed Dowan
  3777 | D:5      | Reached skill level 5 in Dodging
  3786 | D:5      | Found a bloodstained altar of Trog.
  3813 | D:5      | Reached skill level 5 in Polearms
  3813 | D:5      | Gained mutation: You are mostly covered in razor-sharp
                  | scales. (AC +2, Slay +2) [demonic ancestry]
  3813 | D:5      | Reached XP level 8. HP: 47/61 MP: 8/8
  3984 | D:6      | Reached skill level 5 in Fighting
  4169 | D:6      | Found a stormy altar of Qazlal.
  4239 | D:6      | Found Agoeff's Elemental Accessories.
  4264 | D:6      | Found a staircase to the Ecumenical Temple.
  4843 | Temple   | Entered the Ecumenical Temple
  4852 | Temple   | Became a worshipper of Hepliaklqana the Forgotten
  4931 | D:7      | Reached skill level 5 in Armour
  5198 | D:7      | Gained mutation: You are completely covered in razor-sharp
                  | scales. (AC +3, Slay +3) [demonic ancestry]
  5198 | D:7      | Reached XP level 9. HP: 58/69 MP: 9/9
  5211 | D:7      | Found Voephom's Distillery.
  5335 | D:7      | Reached * piety under Hepliaklqana
  5432 | D:7      | Found Jyal's Magic Scroll Emporium.
  5510 | D:7      | Found Ciby's General Store.
  5595 | D:7      | Found a flagged portal.
  5704 | D:7      | Bought a potion of curing for 39 gold pieces
  5831 | D:7      | Bought a scroll of identify for 26 gold pieces
  5831 | D:7      | Bought a scroll of identify for 26 gold pieces
  5831 | D:7      | Bought a scroll of identify for 26 gold pieces
  5969 | D:8      | Noticed a rakshasa
  5976 | D:8      | Noticed a centaur warrior
  5984 | D:8      | Collided with a slime creature

Illustrated notes

Levels and vault maps discovered:
D:1:      dpeg_arrival_chambers_temple_mockup, layout_basic,
          chequers_serial_rivers_small_3, chequers_serial_rivers_micro_a
D:2:      layout_rooms, shapermc_ecumenical_altar_mp_highgroup,
          hangedman_glass_teeth
D:3:      layout_basic, general_overflow_altar,
          nicolae_overflow_ecumenical_swirl, uniq_terence
D:4:      kennysheep_six_static_rooms, layout_basic,
          minmay_overflow_temple_star_quad, interstate_on_off, uniq_sigmund
D:5:      layout_loops_cross, trog_book, uniq_duvessa, uniq_prince_ribbit1
D:6:      minmay_flawed_box, layout_loops_ring,
          nicolae_qazlal_scattered_showers, minmay_temple_entry_junction,
          nicolae_elemental_shop, minmay_misc_feat_rows,
          amcnicky_mini_pool_small
D:7:      layout_basic, enter_bailey_5, serial_shops, shop,
          nicolae_shop_tiny_glass, kennysheep_mini
D:8:      minmay_bloctagon_deflated, layout_loops_cross,
          nicolae_sif_muna_condensation, lightli_orcish_oven
Temple:   nicolae_temple_ecumenical_triangle

Skill      XL: |  1  2  3  4  5  6  7  8 |
---------------+-------------------------+-----
Dodging        | 3 4 5 6 |  6.3
Polearms       | 3 4 5 6 |  6.2
Armour         | 1 2 3 5 |  5.4
Fighting       | 3 4 6 |  6.4
Throwing       | |  1.7

Action                     |  1- 3 |  4- 6 |  7- 9 || total
---------------------------+-------+-------+-------++-------
  Melee: Trident           |   117 |    71 |   171 ||   359
         Punch             |     1 |       |     3 ||     4
  Throw: Throwing net      |     1 |       |       ||     1
    Use: Scroll            |     6 |     3 |     8 ||    17
         Potion            |       |     1 |     2 ||     3
   Stab: Sleeping          |     2 |       |     1 ||     3
         Held in net/web   |     1 |       |       ||     1
 Armour: Leather armour    |    44 |    27 |    87 ||   158
  Dodge: Dodged            |    55 |    32 |    98 ||   185

Table legend: (Time is in decaauts)
 A = Elapsed time spent in this place.
 B = Non-inter-level travel time spent in this place.
 C = Inter-level travel time spent in this place.
 D = Time resting spent in this place.
 E = Time spent auto-exploring this place.
 F = Levels seen in this place.
 G = Mean time per level.
                   A        B        C        D        E       F      G
               +--------+--------+--------+--------+--------+-----+--------+
         Total |   6018 |   5671 |    347 |      0 |   4311 |   9 |  668.7 |
       Dungeon |   5999 |   5653 |    346 |      0 |   4311 |   8 |  749.9 |
        Temple |     18 |     18 |      0 |      0 |      0 |   1 |   18.0 |
               +--------+--------+--------+--------+--------+-----+--------+

Top non-repeatable levels by time:
     D:7: 962 daAuts
     D:4: 956 daAuts
     D:6: 916 daAuts
     D:5: 894 daAuts
     D:1: 806 daAuts
     D:3: 772 daAuts
     D:2: 573 daAuts
     D:8: 117 daAuts
  Temple: 18 daAuts
